 Dungeon Crawl Stone Soup version 0.23.2 (webtiles) character file.

Game seed: 15682230136933883376

153 Llamajah the Slasher (level 5, 0/61 HPs)
             Began as a Demonspawn Gladiator on June 13, 2019.
             Was an Initiate of Okawaru.
             Slain by a howler monkey (6 damage)
             ... on level 3 of the Dungeon.
             The game lasted 00:07:51 (2710 turns).

Llamajah the Slasher (Demonspawn Gladiator)         Turns: 2710, Time: 00:07:54

Health: 0/61       AC:  5    Str: 20    XL:     5   Next: 12%
Magic:  5/5        EV: 12    Int:  9    God:    Okawaru [......]
Gold:   171        SH:  0    Dex: 15    Spells: 4/4 levels left

rFire    + . .     SeeInvis .   a - +0 long sword
rCold    . . .     Gourm    .   (no shield)
rNeg     . . .     Faith    .   q - +0 ring mail (curse)
rPois    .         Spirit   .   (helmet restricted)
rElec    .         Reflect  .   (no cloak)
rCorr    .         Harm     .   (no gloves)
MR       +....                  (no boots)
Stlth    ..........             (no amulet)
HPRegen  0.20/turn              g - ring of protection from magic
MPRegen  0.09/turn              (no ring)

@: berserking, lethally poisoned (0 -> -34), lightly drained, very quick
A: antennae 1, fire resistance 1
a: Renounce Religion


You were on level 3 of the Dungeon.
You worshipped Okawaru.
Okawaru was noncommittal.
You were not hungry.

You visited 1 branch of the dungeon, and saw 4 of its levels.

You collected 171 gold pieces.

Inventory:

Hand Weapons
 a - a +0 long sword (weapon)
Missiles
 d - 3 throwing nets (quivered)
Armour
 b - a +0 leather armour
 c - a +0 helmet
 j - a +0 plate armour
 q - a cursed +0 ring mail (worn)
Jewellery
 g - a ring of protection from magic (left hand)
 m - an uncursed ring of protection from magic
Scrolls
 e - 2 scrolls of fear
 h - a scroll of fog {unknown}
 k - a scroll of immolation
Potions
 i - a potion of flight {unknown}
 l - a potion of brilliance
 n - a potion of berserk rage
 o - a potion of curing
 p - a potion of resistance {unknown}
Comestibles
 f - 4 rations
 r - 2 chunks of flesh


   Skills:
 * Level 3.3(3.2) Fighting
 * Level 3.6(3.5) Long Blades
 + Level 2.2(2.1) Throwing
 + Level 1.5(1.4) Armour
 + Level 3.1(3.0) Dodging


You had 4 spell levels left.
You didn't know any spells.
Your spell library contained the following spells:

 Spells                   Type           Power        Failure   Level  Hunger
 Animate Skeleton         Necr           N/A          56%         1    ##.....
 Apportation              Tloc           #.....       56%         1    ##.....
 Confusing Touch          Hex            #.....       56%         1    ##.....
 Summon Small Mammal      Summ           #...         56%         1    ##.....


Dungeon Overview and Level Annotations

Branches:
Dungeon (4/15)
 Temple: D:4-7

Altars:
Fedhas
Hepliaklqana
Okawaru
Qazlal
Uskayaw
Yredelemnul
The Shining One


Innate Abilities, Weirdness & Mutations

You have a pair of small antennae on your head.
Your flesh is heat resistant. (rF+)


Message History

You feel sick. The orc closely misses you. The howler monkey hits you.
The scorpion stings you.
You are lethally poisoned!
The scorpion poisons you!
You slash the orc!
You kill the orc!
Okawaru accepts your kill.
You feel sick.
The howler monkey hits you but does no damage.
The scorpion stings you.
You barely miss the howler monkey.
You feel sick. The howler monkey hits you.
* * * LOW HITPOINT WARNING * * *
Some of the chunks of flesh in your inventory have rotted away.
You closely miss the howler monkey.
* * * LOW HITPOINT WARNING * * *
You feel sick. The scorpion stings you!
* * * LOW HITPOINT WARNING * * *
You are more poisoned.
The scorpion poisons you! The howler monkey hits you.
You die...

########### #.........#
#.#######.# #.# #.# #.# #.#
#.# #.# #.# ###h########
#.#####.)@s[.....#
#.......#.######.#
#.#######.# #.# ##.# #.#
#.# ##.)# #.# #.#
#...#######.# #.#
##..........# #.#####
#.########## #.....#
#.###############..##.#####


You could see a scorpion and a howler monkey.

Vanquished Creatures
  An orc wizard (D:3)
  A worker ant (D:3)
  An adder (D:2)
  An ooze (D:1)
  3 worms (D:2)
  2 dart slugs
  A leopard gecko (D:1)
  7 orcs (D:3)
  6 giant cockroaches
  6 goblins
  4 hobgoblins
  5 jackals
  2 quokkas (D:3)
  8 bats
  2 frilled lizards
  A giant cockroach zombie (D:2)
  7 kobolds
  9 rats
  A spectral orc (D:3)
68 creatures vanquished.

Notes
Turn   | Place    | Note
-------+----------+-------------------------------------------
     0 | D:1      | Llamajah the Demonspawn Gladiator began the quest for the
                  | Orb.
     0 | D:1      | Reached XP level 1. HP: 16/16 MP: 1/1
    77 | D:1      | Gained mutation: Your flesh is heat resistant. (rF+)
                  | [demonic ancestry]
    77 | D:1      | Reached XP level 2. HP: 21/22 MP: 2/2
   576 | D:1      | Gained mutation: You have a pair of small antennae on your
                  | head. [demonic ancestry]
   576 | D:1      | Reached XP level 3. HP: 26/28 MP: 3/3
  1059 | D:2      | Reached skill level 1 in Armour
  1090 | D:2      | Found a hazy altar of Hepliaklqana.
  1388 | D:2      | Found an iron altar of Okawaru.
  1397 | D:2      | Became a worshipper of Warmaster Okawaru
  1622 | D:2      | Reached XP level 4. HP: 29/34 MP: 4/4
  1664 | D:2      | Found a glowing golden altar of the Shining One.
  2104 | D:3      | Found a blossoming altar of Fedhas.
  2154 | D:3      | Found a stormy altar of Qazlal.
  2154 | D:3      | Found a hide-covered altar of Uskayaw.
  2283 | D:3      | Found a basalt altar of Yredelemnul.
  2691 | D:3      | Reached XP level 5. HP: 38/41 MP: 5/5
  2710 | D:3      | Slain by a howler monkey

Skill      XL: |  1  2  3  4 |
---------------+-------------+-----
Long Blades    | 3 |  3.6
Throwing       | 2 |  2.2
Armour         | 1 |  1.5
Dodging        | 3 |  3.1
Fighting       | 3 |  3.3

Action                   |  1- 3 |  4- 6 || total
-------------------------+-------+-------++-------
Melee: Long sword        |   127 |    85 ||   212
  Use: Scroll            |       |     4 ||     4
       Potion            |       |     2 ||     2
 Stab: Sleeping          |     1 |       ||     1
  Eat: Chunk             |     2 |     4 ||     6
Armor: Leather armour    |    32 |       ||    32
       Plate armour      |    27 |       ||    27
       Ring mail         |       |    36 ||    36
Dodge: Dodged            |    89 |    78 ||   167
       Rpst.: Long sword |    23 |    25 ||    48
